[Event "14th Margaryan Memorial-GM 2024"]
[Site "Yerevan"]
[Date "2024.01.13"]
[Round "6.8"]
[White "Lomsadze, Davit"]
[Black "Rostomyan, Mikayel"]
[Result "0-1"]
[ECO "D02"]
[WhiteElo "2253"]
[BlackElo "2294"]
[Annotator "TA"]
[PlyCount "148"]
[EventDate "2024.01.08"]
[EventType "tourn"]
[EventCountry "ARM"]
[SourceTitle "playchess.com"]
[Source "ChessBase"]
[SourceQuality "1"]
[TimeControl "40/5400+30:1800+30"]

1. Nf3 d5 2. g3 Nc6 3. d4 Bf5 4. Bg2 Nb4 5. Na3 e6 6. O-O h6 7. c3 Na6 8. Ne5 c6 9. Nc2 Nf6 10. f3 Be7 11. e4 Bh7 12. Qe2 Nc7 13. Bf4 O-O 14. Rad1 Nd7 15. Ng4 a5 16. Bc1 b5 17. Nce3 f6 18. Nf2 Nb6 19. f4 Nc4 20. Nxc4 bxc4 21. Rfe1 Bd6 22. Qh5 f5 23. exd5 cxd5 24. Re2 a4 25. a3 Qf6 26. Rde1 Bg6 27. Qf3 Qf7 28. Qe3 Bh5 29. Bf3 Rae8 30. Kh1 {[%emt 0:01:42] [#]} (30. Bxh5 $11 Qxh5 31. Nd1) 30... Re7 $1 $17 31. Rg1 Kh8 32. Ree1 Ne8 33. g4 fxg4 34. Bxg4 {[%emt 0:00:06] [#]} Nf6 $1 (34... Bxf4 35. Qh3 g6 36. Bxh5 gxh5 37. Bxf4 Qxf4 38. Rxe6 Rxe6 39. Qxe6 $15) (34... Qxf4 35. Qxf4 Bxf4 36. Bxh5 $11) 35. Bh3 (35. Ref1 $17) 35... Bg6 $19 36. Rgf1 (36. Bxe6 $142 Qe8 37. Qg3) 36... Bf5 ({Besser ist} 36... Nh5 $19 37. Qf3 Qe8 (37... Bxf4 $2 38. Bxf4 Nxf4 39. Ng4 $19)) 37. Bg2 Ng4 (37... Qe8 $19 38. Qf3 Bh7) 38. Nxg4 $17 Bxg4 39. Bh3 Bf5 40. Qg3 (40. Bxf5 $17 exf5 (40... Qxf5 41. Qe2 $17) 41. Qh3) 40... Rfe8 41. Qh4 Bxh3 42. Qxh3 Qf5 43. Qf3 Rf8 44. Qd1 Ra7 45. Re2 Rf6 (45... g5 {wäre vielleicht verwirrender.} 46. Qc2 Qh3 47. Ref2 gxf4 48. Bxf4 Bxf4 49. Rxf4 Qxf1+ 50. Rxf1 Rxf1+ 51. Kg2 Rf5) 46. Rg2 Rg6 47. Rxg6 Qxg6 48. Qf3 Rf7 49. h3 Qf5 50. Qg4 $2 (50. Kg2) 50... Qe4+ $19 51. Qg2 g5 (51... Bxf4 $2 {zu gefräßig.} 52. Qxe4 dxe4 53. Rxf4 $18 (53. Bxf4 e3 $18)) 52. Qxe4 dxe4 53. Re1 Bxf4 ({Nicht} 53... gxf4 54. Rxe4 Rf6 55. Kg1 $11) 54. Bxf4 Rxf4 55. Kg2 Kg7 56. Rd1 e3 57. Re1 Rf2+ 58. Kg3 Rxb2 59. Rxe3 Rb3 60. Rxe6 Rxc3+ 61. Kg4 Rxa3 62. Rc6 Rc3 63. d5 a3 64. Kf5 Rf3+ 65. Ke4 Rxh3 66. Ra6 Rd3 67. Ra4 Kg6 68. Rxc4 a2 69. Ra4 Rd2 70. Ke5 Kh5 71. d6 g4 72. Ke6 g3 73. d7 Rxd7 74. Rxa2 Rg7 0-1

[Event "14th Margaryan Memorial-GM 2024"]
[Site "Yerevan"]
[Date "2024.01.15"]
[Round "8.1"]
[White "Babujian, Levon"]
[Black "Shuvalova, Polina"]
[Result "1/2-1/2"]
[ECO "D37"]
[WhiteElo "2346"]
[BlackElo "2475"]
[Annotator "TA"]
[PlyCount "190"]
[EventDate "2024.01.08"]
[EventType "tourn"]
[EventCountry "ARM"]
[SourceTitle "playchess.com"]
[Source "ChessBase"]
[SourceQuality "1"]
[TimeControl "40/5400+30:1800+30"]

1. d4 Nf6 2. c4 e6 3. Nf3 d5 4. Nc3 Be7 5. Bf4 O-O 6. e3 Nbd7 7. c5 Nh5 8. Bd3 {[%emt 0:00:08] D37: Queen's Gambit Declined: 5 Bf4.} Nxf4 9. exf4 b6 10. b4 a5 11. a3 c6 12. O-O Ba6 13. Bxa6 Rxa6 14. Qe2 Qa8 {[%emt 0:00:05] Strongly threatening ...axb4.} 15. Rab1 axb4 16. axb4 Bf6 17. Rfc1 Ra3 18. Ne5 {[%emt 0:11:36] [#]} Nxe5 $146 ({Predecessor:} 18... Bxe5 19. fxe5 Rb8 20. Qc2 h6 21. g3 bxc5 22. bxc5 Rxb1 23. Qxb1 Qa5 24. Qb2 f6 25. exf6 Nxf6 {½-½ Sargsyan,S (2601)-Vrolijk,L (2467) Groningen op 57th 2019 (3)}) 19. fxe5 Bg5 20. Rc2 bxc5 21. bxc5 Rb8 22. Rcb2 Rxb2 23. Qxb2 h5 (23... f6 $5 ) 24. Qc2 (24. g3 $5) 24... g6 25. g3 Qa5 26. Rb3 Rxb3 27. Qxb3 $11 {[%emt 0:00:30][%mdl 4096] Endgame KQB-KQN} Qa1+ 28. Kg2 Qe1 29. Qc2 Bd2 30. Nd1 g5 $36 {[%emt 0:05:22][%mdl 2048] With the idea ...g4. Black has the initiative.} 31. h3 g4 32. hxg4 hxg4 33. f4 $2 (33. Kh2 $11) 33... Qe2+ $19 (33... gxf3+ $2 34. Kxf3 Kg7 35. Kg2 $19) 34. Kg1 Kg7 35. Nf2 Qe3 $1 36. Kf1 (36. Qd3 $142 Qxd3 {[%mdl 64] Remove Defender} 37. Nxd3) 36... Bc3 (36... Qxd4 37. Nxg4 Qa1+ 38. Kg2 $11) 37. Qd3 Qxd3+ ({And not} 37... Qxd4 38. Qe2 $17) ({Worse is} 37... Bxd4 38. Qxe3 Bxe3 39. Nd3) 38. Nxd3 Bxd4 {[%emt 0:00:03] KB-KN} 39. Nb4 $2 (39. Ke2) 39... Bxc5 40. Nxc6 Kf8 41. Ke2 Ke8 42. Na5 Kd7 43. Nb3 Kc6 44. Nd2 Kb5 45. Kd3 Bf2 46. Nf1 Kc5 47. Ke2 Bg1 $1 48. Kd3 Kb4 49. Nd2 Bf2 50. Nf1 Kb3 $1 51. Ke2 Bg1 52. Kd3 Kb2 $2 (52... Ka4 $1 $19 {[%cal Ra4b3] and Black stays clearly on top. ...Kb3 is the strong threat.} 53. Nd2 Bf2) 53. Kd2 $17 Ka3 $1 {[%emt 0:19:59] Hoping for ...Kb4.} 54. Kc3 Bf2 55. Kd3 $2 (55. Kd2 $17) 55... Kb4 $19 56. Ke2 Bg1 $1 57. Kd3 Kb3 $1 58. Nd2+ {[%emt 0:03:36] [#]} Kb2 $1 59. Nf1 {[%emt 0:00:49] [#]} Kc1 $1 60. Nd2 Kd1 61. Nb1 Bf2 62. Nc3+ Ke1 63. Ne2 {[%emt 0:02:02] [#]} Bxg3 $1 64. Nxg3 {[%emt 0:00:15] KN-KP} Kf2 65. Ne2 g3 66. f5 g2 $2 (66... exf5 $19 {aiming for ...g2.} 67. Nf4 g2 68. Nh3+ Kf1) 67. f6 $11 {[%emt 0:00:05] The position is equal.} g1=Q (67... g1=R 68. Nxg1 Kxg1 69. Kd4 $17) (67... Kf3 $5) 68. Nxg1 Kxg1 {[%emt 0:00:03] K3P-KPP} 69. Kd4 Kf2 (69... Kh1 $5 70. Kc5 $8 Kg1 $11) 70. Kc5 $1 Ke3 (70... Ke1 $5) 71. Kd6 $1 d4 (71... Kf4 $5 72. Ke7 $8 Kxe5 73. Kxf7 d4 $11) 72. Ke7 $1 d3 73. Kxf7 d2 74. Kxe6 d1=Q (74... d1=B 75. f7 Bb3+ 76. Kf6 Bxf7 77. Kxf7 Kf4 78. e6 Kf5 79. e7) 75. Ke7 $1 Qd4 76. f7 Qxe5+ 77. Kd7 Qf6 78. Ke8 Qe6+ 79. Kf8 Kf4 80. Kg7 Qd7 81. Kh8 $1 Qe7 82. Kg8 {[%emt 0:00:14] Repels Qf8+} Qe6 83. Kg7 Qe5+ 84. Kg8 Qd5 85. Kg7 Qg5+ 86. Kh7 Qh5+ 87. Kg8 Qg4+ 88. Kh7 Qf5+ 89. Kg8 Qg6+ 90. Kh8 Qf6+ 91. Kg8 Qg5+ 92. Kh7 Qf5+ 93. Kg8 Qe6 94. Kg7 Qe7 95. Kg8 Qg5+ {[%emt 0:00:07] White happily takes the draw.   Weighted Error Value: White=0.55/Black=0.12 (very precise)} 1/2-1/2

[Event "14th Margaryan Memorial-GM 2024"]
[Site "Yerevan"]
[Date "2024.01.15"]
[Round "8.2"]
[White "Movahed, Sina"]
[Black "Davtyan, Arsen"]
[Result "1/2-1/2"]
[ECO "C78"]
[WhiteElo "2450"]
[BlackElo "2392"]
[Annotator "ChessBase"]
[PlyCount "159"]
[EventDate "2024.01.08"]
[EventType "tourn"]
[EventCountry "ARM"]
[SourceTitle "playchess.com"]
[Source "ChessBase"]
[SourceQuality "1"]
[TimeControl "40/5400+30:1800+30"]

1. e4 e5 2. Nf3 Nc6 3. Bb5 a6 4. Ba4 Nf6 5. O-O b5 6. Bb3 Bc5 7. c3 d6 8. d4 Bb6 9. a4 Rb8 10. a5 Ba7 11. h3 O-O 12. Be3 Ra8 13. Nbd2 h6 14. Re1 Re8 15. Bc2 Bb7 16. d5 Nb8 17. c4 c6 18. b3 Bxe3 19. Rxe3 cxd5 20. cxd5 Re7 21. b4 Rc7 22. Raa3 Nbd7 23. Rac3 Rac8 24. Nb1 Nf8 25. Qd2 Ng6 26. Bd3 Qd7 27. Bf1 Nh7 28. Rxc7 Rxc7 29. Nc3 f5 30. exf5 Ne7 31. Nh4 Nf6 32. Rg3 Rxc3 33. Qxc3 Ne4 34. Qb3 Nxg3 35. Qxg3 Nxd5 36. Be2 Nf6 37. Kh2 Bd5 38. Qe3 Qb7 39. Ng6 Kf7 40. g4 Qc7 41. h4 Bb7 42. f3 Nd5 43. Qa7 Nxb4 44. Bd1 Nc6 45. Bb3+ Ke8 46. Qe3 Nd4 47. f6 Nxb3 48. Qxb3 Qf7 49. Qc2 gxf6 50. Qf5 b4 51. Nh8 Qc4 52. Qg6+ Kd7 53. Qg7+ Kc6 54. Qe7 Qd5 55. Nf7 Kc5 56. Nxd6 Qxd6 57. Qxb7 e4+ 58. Kh3 exf3 59. Qxf3 Kb5 60. h5 Kxa5 61. Qe3 Qf8 62. Qc1 b3 63. Qc7+ Kb4 64. Qb6+ Kc3 65. Qe3+ Kc2 66. Qe2+ Kb1 67. Qd1+ Ka2 68. Qe2+ Kb1 69. Qd1+ Ka2 70. Qe2+ b2 71. Qc4+ Ka3 72. Qxa6+ Kb3 73. Qd3+ Kb4 74. Qc2 Ka3 75. Qc3+ Ka2 76. Qc4+ Kb1 77. Qd3+ Ka1 78. Qa6+ Kb1 79. Qd3+ Kc1 80. Qc3+ 1/2-1/2

[Event "14th Margaryan Memorial-GM 2024"]
[Site "Yerevan"]
[Date "2024.01.15"]
[Round "8.3"]
[White "Shahinyan, David"]
[Black "Ivanov, Sergey"]
[Result "1-0"]
[ECO "C01"]
[WhiteElo "2436"]
[BlackElo "2462"]
[Annotator "TA"]
[PlyCount "139"]
[EventDate "2024.01.08"]
[EventType "tourn"]
[EventCountry "ARM"]
[SourceTitle "playchess.com"]
[Source "ChessBase"]
[SourceQuality "1"]
[TimeControl "40/5400+30:1800+30"]

1. e4 e6 2. d4 d5 3. Bd3 dxe4 4. Bxe4 Nf6 5. Bf3 c5 6. Ne2 Be7 {[%emt 0:00:25] C01: French: Exchange Variation.} 7. Be3 O-O 8. Nbc3 cxd4 {[%emt 0:00:47] The position is equal.} 9. Nxd4 e5 10. Nb3 Nc6 11. O-O Bf5 12. Bxc6 bxc6 13. Qe2 {[%emt 0:00:07] [#]} Nd5 $146 ({Predecessor:} 13... Qc7 14. Rad1 a5 15. f3 Rfb8 16. Na4 Rb4 17. Nbc5 Bxc5 18. Nxc5 Rxb2 19. f4 Rxc2 {0-1 Li,T (1822)-Tsay,V (2310) PNWCC Online blitz JP 8th 2020 (2)}) 14. Rfd1 Nxc3 15. bxc3 Qc7 16. Rd2 c5 17. Qa6 Rfd8 18. Rad1 {[%emt 0:02:10] [#]} Bxc2 19. Rxd8+ $11 Rxd8 20. Rxd8+ Qxd8 21. h3 Qc7 22. Qb5 {[%emt 0:01:47] Strongly threatening Qe8+.} Bxb3 23. Qe8+ Bf8 24. axb3 {[%emt 0:00:06][%mdl 4096] Endgame KQB-KQB} a5 25. c4 f6 26. Qe6+ Kh8 27. g4 Qd6 28. Qf7 h6 29. Qa7 Kg8 30. Kg2 Qd3 31. Qa8 Kf7 ({Don't do} 31... Qxb3 32. Bxc5 Qxc4 33. Bxf8 $16) 32. Qb7+ Kg6 33. h4 f5 34. Qc8 f4 35. Bxc5 Bxc5 36. Qxc5 {[%emt 0:00:03] KQ-KQ} Qe2 37. Qc6+ Kh7 $1 38. Qf3 Qc2 39. h5 Kh8 40. Qd5 e4 {[%emt 0:00:00] Threatens to win with ...e3.} 41. Qf5 (41. Qxa5 e3 42. Qe1 Qe4+ 43. f3 Qc2+ 44. Kf1 Qxb3 $15) 41... f3+ (41... a4 $11 {keeps the balance.}) 42. Kg3 $16 {[%emt 0:00:19] aiming for Qe5.} Qxb3 43. Qxe4 a4 44. c5 a3 45. c6 (45. Qxf3 Qxf3+ 46. Kxf3 a2 $19) 45... Qc3 46. Qxf3 Qe5+ 47. Kg2 a2 {[%emt 0:00:43] [#]} 48. c7 $1 Qxc7 {[%emt 0:00:19] ( -> ...Qc8)} 49. Qa8+ Kh7 50. Qxa2 Qf4 $2 (50... Qc6+ $16 51. f3 Kh8) 51. Qc2+ $1 $18 Kg8 52. Qc8+ $1 Kf7 53. Qd7+ Kf6 54. Qd8+ $1 Kf7 55. Qd5+ $1 Ke7 56. Qb7+ $1 Kf6 57. Qf3 Kg5 58. Qxf4+ Kxf4 {[%emt 0:00:06] K3P-KPP} 59. f3 Ke5 60. Kg3 Ke6 61. Kf4 Kf6 {[%emt 0:00:00] [#]} 62. g5+ $1 hxg5+ {[%emt 0:00:20] KPP-KPP} 63. Kg4 Ke6 64. Kxg5 {[%emt 0:00:03] White wants to mate with Kg6. KPP-KP} Kf7 $1 65. Kf5 {[%emt 0:00:02] Kg5 would kill now.} Ke7 $2 {[%emt 0:01:17][%mdl 8192] [#]} (65... Kf8 $11 66. Kg6 Kg8 67. h6 gxh6 68. Kxh6 Kf7 69. Kg5 Kg7 70. f4 Kf7) 66. Kg6 $1 {[%emt 0:00:03] White mates.} Kf8 {[%emt 0:00:05] [#]} 67. h6 $1 gxh6 68. Kxh6 Kf7 69. Kg5 Kf8 70. f4 $2 {[%emt 0:07:42][%mdl 32768] Weighted Error Value: White=0.03 (flawless) /Black=0.18 (very precise) . Loss on time!?} (70. Kf6 {mates} Ke8 71. f4 Kd8 72. f5 Ke8 73. Kg7 Kd7 74. f6 Ke6 75. f7) 1-0

[Event "14th Margaryan Memorial-GM 2024"]
[Site "Yerevan"]
[Date "2024.01.15"]
[Round "8.5"]
[White "Ohanyan, Emin"]
[Black "Sorensen, Hampus"]
[Result "1-0"]
[ECO "C45"]
[WhiteElo "2456"]
[BlackElo "2458"]
[Annotator "TA"]
[PlyCount "93"]
[EventDate "2024.01.08"]
[EventType "tourn"]
[EventCountry "ARM"]
[SourceTitle "playchess.com"]
[Source "ChessBase"]
[SourceQuality "1"]
[TimeControl "40/5400+30:1800+30"]

1. e4 e5 2. Nf3 Nc6 3. d4 exd4 4. Nxd4 Qf6 5. Be3 Bc5 6. c3 d6 7. Be2 {[%emt 0:03:25] C45: Scotch Game.} Qg6 8. O-O {[%emt 0:07:41] White wants to play Bh5.} Nf6 {[%emt 0:22:02] Inhibits Bh5.} 9. Nd2 {[%emt 0:13:32] The position is equal.} Bh3 10. Bf3 Ne5 11. Kh1 Bd7 {[%emt 0:09:25] [#]} 12. Be2 $146 ({Predecessor:} 12. a4 a5 13. Qe2 O-O 14. g3 Nxf3 15. Qxf3 Rae8 16. Qf4 Nxe4 17. N2f3 Re7 18. Rfe1 {0-1 Philipp,G-Jakoby,H GER-ch Seniors 13th 2001 (4)}) 12... Neg4 $1 (12... Nxe4 13. Bh5 Nxd2 14. Bxg6 Nxf1 15. Bxf7+ Nxf7 16. Qxf1 $16) 13. Bxg4 Nxg4 14. Qf3 Nxe3 ({But not} 14... Qh5 15. h3 $11) 15. fxe3 O-O 16. b4 {[%emt 0:05:51] And now Nf5 would win.} Bb6 17. a4 Rae8 (17... a6 $17) 18. a5 $11 Bxd4 19. exd4 Bc6 20. Rae1 Re7 21. c4 Rfe8 22. d5 Bd7 23. h3 Re5 24. Qf4 h6 25. Re3 b6 26. axb6 axb6 27. Rfe1 f6 28. Ra1 f5 29. Ra7 Rc8 (29... fxe4 $15 30. Qh4 (30. Rxc7 Rf8 $17) 30... R8e7) 30. Rg3 Qf7 31. exf5 (31. c5 {simplifies} bxc5 32. bxc5 fxe4 33. Qxf7+ Kxf7 34. cxd6 Rxd5 35. Nxe4 Re5 36. Nd2) 31... Rxf5 (31... Bxf5 $11 {remains equal.} 32. Kh2 (32. Qxh6 Bxh3 33. Kg1 Bd7 $11) 32... g5) 32. Qxh6 $16 {[%emt 0:00:17] White has more active pieces.} b5 {[%emt 0:00:20] [#]} 33. cxb5 $1 {[%emt 0:00:39] Hoping for Ne4.} Bxb5 $2 {[%emt 0:00:27] [#] Black cannot hold the game after this.} (33... Rf6 $16 34. Qe3 Bxb5) 34. Rxg7+ $3 $18 {[%mdl 576] Deflection} Qxg7 35. Qe6+ Rf7 36. Qxc8+ Kh7 37. Qe6 Bd3 (37... Re7 {was called for.} 38. Qf5+ Qg6) 38. Qe3 Bf5 39. Nf3 {[%emt 0:00:31] Black must now prevent Ng5+.} Re7 $2 (39... Qh6 40. Qe8 Kg7) 40. Qf4 ({Not} 40. Ng5+ Kg6 41. Ne6 Bxe6 $16) 40... Qf6 41. g4 Qb2 42. Qxf5+ Kg7 43. Qg5+ Kf7 44. Qf4+ (44. Ra8 $142 Qb1+ 45. Kh2 Qc2+ 46. Kg3 Qh7 47. Qf4+ Kg6 48. Nh4+ Qxh4+ 49. Kxh4) 44... Kg6 45. Nh4+ {[%emt 0:00:14] White mates.} Kh7 46. Qf5+ Kg7 47. Qg6+ {[%emt 0:00:02] Weighted Error Value: White=0.06 (flawless) /Black=0.49} 1-0

[Event "14th Margaryan Memorial-GM 2024"]
[Site "Yerevan"]
[Date "2024.01.15"]
[Round "8.7"]
[White "Lomsadze, Davit"]
[Black "Putrenko, Kirill"]
[Result "0-1"]
[ECO "A43"]
[WhiteElo "2253"]
[BlackElo "2353"]
[Annotator "TA"]
[PlyCount "64"]
[EventDate "2024.01.08"]
[EventType "tourn"]
[EventCountry "ARM"]
[SourceTitle "playchess.com"]
[Source "ChessBase"]
[SourceQuality "1"]
[TimeControl "40/5400+30:1800+30"]

1. d4 Nf6 2. Nf3 d5 3. g3 c5 4. Bg2 cxd4 5. Nxd4 e5 6. Nb3 Nc6 7. Bg5 Be6 8. O-O Be7 9. Nc3 {[%emt 0:00:23] 9.Bxf6 might become the main line.} d4 {[%emt 0:01:58] A43: Schmid Benoni.} 10. Na4 Bd5 11. Bxf6 gxf6 {[%emt 0:01:24] The position is equal.} 12. Qd3 Bxg2 13. Kxg2 {[%emt 0:03:20] [#]} Rc8 $146 {[%emt 0:14:08] ...Qd7 would be deadly.} ({Predecessor:} 13... h5 14. h3 Qd7 15. Qf3 f5 16. Nac5 e4 17. Qf4 Bxc5 18. Nxc5 Qd5 19. Nxb7 Ne7 {1-0 Garcia Martinez,M (1955)-Gonzalez Santamartina,J (1917) Villa Navarrete 2013 (3.5)}) 14. c3 (14. Qf3 $11 {remains equal.}) 14... Qd7 $17 15. Qb5 (15. Rac1 $17 Nd8 16. cxd4 Rxc1 17. Rxc1 Qxa4 18. dxe5) 15... a6 $19 16. Qd3 Na7 17. cxd4 {[%emt 0:00:12] [#] Threatens to win with Nc3.} Qxa4 18. Rac1 (18. Rfd1 $142) 18... O-O ({But not} 18... Qxa2 19. Rxc8+ Nxc8 20. Qc3 $18) 19. f4 $2 (19. Qf3 {was called for.}) 19... exd4 (19... Qxa2 $2 20. fxe5 fxe5 21. Rxc8 Nxc8 22. dxe5 $19) 20. Qe4 Nc6 (20... Qxa2 21. Qxb7 d3 22. Qxa7 Qxb3 23. Rxc8 Rxc8 24. Qxe7 Qd5+ 25. Kf2) 21. Nc5 (21. Qf3 $142) 21... Bxc5 22. Rxc5 Rfe8 23. Qf3 Qxa2 24. Qg4+ Kf8 25. Qh4 Rxe2+ 26. Kh3 Qe6+ 27. f5 Qe4 28. Qxf6 Qg2+ {[%emt 0:00:16] Black mates.} (28... Rxb2 $2 {too greedy.} 29. Qh8+ Ke7 30. Qxc8 Qg2+ 31. Kh4 Qxf1 32. Qc7+ Ke8 33. Qc8+ Ke7 34. Qc7+ Kf8 35. Rxc6 Qxf5 36. Qd8+ Kg7 37. Qxd4+ f6 38. Qxb2 $19) 29. Kg4 Qxf1 30. Qh8+ Ke7 31. Qxc8 Re4+ 32. Kg5 {[%emt 0:00:08] [#]} h6+ $1 {[%emt 0:00:11] White did not feel at home in the position after the opening.   Weighted Error Value: White=0.92/Black=0.24 (precise)} 0-1

[Event "14th Margaryan Memorial-GM 2024"]
[Site "Yerevan"]
[Date "2024.01.16"]
[Round "9.1"]
[White "Sorensen, Hampus"]
[Black "Babujian, Levon"]
[Result "0-1"]
[ECO "D87"]
[WhiteElo "2458"]
[BlackElo "2346"]
[Annotator "TA"]
[PlyCount "136"]
[EventDate "2024.01.08"]
[EventType "tourn"]
[EventCountry "ARM"]
[SourceTitle "playchess.com"]
[Source "ChessBase"]
[SourceQuality "1"]
[TimeControl "40/5400+30:1800+30"]

1. d4 Nf6 2. c4 g6 3. Nc3 d5 4. cxd5 Nxd5 5. e4 Nxc3 6. bxc3 Bg7 7. Bc4 c5 8. Ne2 O-O 9. O-O Nc6 10. Be3 Qc7 11. Rc1 Rd8 12. Bf4 {[%emt 0:19:44] 12.Bf4 has lost popularity.} Be5 {[%emt 0:06:23] D87: Exchange Grünfeld: Classical Line: Variations without ...cxd4.} 13. Bxe5 Nxe5 {[%emt 0:00:48][%mdl 64] Pin} 14. Qb3 (14. Bb3 {feels hotter.} Ng4 15. Ng3 Qf4 16. h3) 14... Nxc4 {[%emt 0:02:55] The position is equal.} 15. Qxc4 {[%emt 0:00:05] [#]} b6 $146 ({Predecessor:} 15... Bd7 16. Rfd1 Rac8 17. d5 Qa5 18. Rd2 b5 19. Qd3 Qa3 20. Qg3 Qa4 21. e5 Bf5 {½-½ Salcedo Perez,P (1937)-Quinonez Garcia,S (2089) Bogota University op 9th 2015 (4)}) 16. Rfe1 Rb8 17. Rb1 e5 18. d5 b5 19. Qd3 (19. Rxb5 Ba6 20. Qxc5 (20. Rxc5 $2 Qb6 $19) 20... Qxc5 21. Rxc5 Bxe2 $17) 19... c4 20. Qg3 f5 21. exf5 (21. Nd4 $2 f4 22. Nxb5 Rxb5 $19) (21. Qg5 $11) 21... Bxf5 $15 22. Nd4 Bxb1 23. Ne6 Qf7 24. Nxd8 Rxd8 25. Rxb1 Rxd5 {[%emt 0:00:14][%mdl 4096] Endgame KQR-KQR} 26. Qe3 $1 Qf5 27. Rf1 Qd7 28. h4 a5 29. Qb6 {[%emt 0:01:45] [#]} b4 30. cxb4 $11 Rb5 31. Qf6 axb4 32. h5 $1 Qf7 33. Qc6 Rb8 34. hxg6 hxg6 35. Rd1 {[%emt 0:00:02] Rd7 is the strong threat.} b3 36. axb3 cxb3 37. Qd6 Qe8 38. Rb1 b2 39. Qd5+ $2 (39. Qf6 $11) 39... Kg7 $19 40. Qd2 Qb5 41. Qc3 Rb7 42. Kh2 Qe2 43. Kg1 Qb5 (43... Kh6 $19 44. f4 Qe4 45. Rxb2 Rxb2 46. Qxb2 Qxf4) 44. Kh2 $1 $17 Kg8 45. Kg1 (45. Qc8+ $1 $15 Kf7 46. Qh8) 45... Kh7 $19 46. Qh3+ Kg7 47. Qc3 {[%emt 0:01:18] Dodges Qc5} g5 $2 (47... Qe2 $1 $19 {...Kh6 would be deadly.} 48. f4 Qe4 49. Rxb2 Rxb2 50. Qxb2 Qxf4) 48. Qd2 Kf6 49. Qd6+ (49. Qd8+ $11 {keeps the balance.} Kf7 50. Qc8) 49... Kf7 $1 $17 (49... Kg7 $6 50. Qd8 $11) 50. Qd2 {[%emt 0:00:17] [#]} (50. Qd1 $17) 50... e4 (50... Qb3 $1 $19 51. Kh2 Ke6) 51. Qc2 $11 Qe5 {[%emt 0:02:27] White must now prevent ...Kg7.} 52. Qc4+ $2 (52. g3 $11 {and White has nothing to worry.}) 52... Kg7 {[%emt 0:00:08] And now ...Rc7 would win.} ({Worse is} 52... Qe6 53. Qc3 $17) 53. Qe2 Qf4 $2 ({Black should try} 53... Rb8 $19 {aiming for ...Kf6.} 54. Qd2 Kg6) 54. Qc2 Qe5 $2 (54... Qf6 $11) 55. Qe2 $1 $19 Kf8 {[%emt 0:00:44] Strongly threatening ...Ke7.} 56. Qa6 (56. g3 $142) 56... Rb5 {[%emt 0:05:06] Active counter play!} 57. Qh6+ Ke7 58. Qh7+ $2 (58. Qh3) 58... Kd6 (58... Kf8 $2 59. Qh3 $19) 59. Qa7 Qc3 (59... Kc6 $19 {Threatens to win with ...Ra5.} 60. Qe3 g4) 60. Kh2 $2 (60. Rd1+ $11 Rd5 61. Qb6+ (61. Qb8+ $2 Kc5 $19) 61... Qc6 62. Qd8+ Kc5 63. Qa5+ Kc4 64. Qa2+ Kc3 65. Rxd5 (65. Qxd5 $2 {loses.} Qxd5 66. Rxd5 b1=Q+ $19) 65... b1=Q+ 66. Qxb1 Qxd5 67. Qc1+ Kd4 68. Qe3+ Kc4 69. Qc1+ Kd4 70. Qe3+ Kc4 71. Qc1+ Kd4) 60... Qd3 61. Qa2 g4 62. Qa6+ Ke7 63. Qa7+ Ke6 64. Qa2+ {[%emt 0:00:03] [#]} Kf6 $1 {[%emt 0:03:56][%cal Og4g3] ( -> ...g3+!)} 65. Qa6+ Ke5 66. Qa2 Kd4 {[%emt 0:02:13] Black mates.} 67. Kg1 Kc3 68. g3 e3 {[%emt 0:01:39] Weighted Error Value: White=0.40/Black=0.38} 0-1

[Event "14th Margaryan Memorial-GM 2024"]
[Site "Yerevan"]
[Date "2024.01.16"]
[Round "9.3"]
[White "Ivanov, Sergey"]
[Black "Agasarov, Benik"]
[Result "0-1"]
[ECO "E20"]
[WhiteElo "2462"]
[BlackElo "2340"]
[Annotator "TA"]
[PlyCount "104"]
[EventDate "2024.01.08"]
[EventType "tourn"]
[EventCountry "ARM"]
[SourceTitle "playchess.com"]
[Source "ChessBase"]
[SourceQuality "1"]
[TimeControl "40/5400+30:1800+30"]

1. d4 Nf6 2. c4 e6 3. Nc3 Bb4 4. g3 O-O 5. Bg2 d5 6. Nf3 dxc4 7. O-O Nc6 8. a3 {[%emt 0:00:25] 8.Re1 is more fashionable.} Be7 9. e4 {[%emt 0:00:25] E20: Nimzo-Indian: 4 g3 and 4 f3.} (9. Be3 $11) 9... Rb8 10. Be3 b5 11. Qe2 {[%emt 0:02:08] [#] Black has an edge.} Ng4 $146 ({Better is} 11... Na5 $15) ({Predecessor:} 11... Na5 12. Rad1 Bb7 13. Ne5 Qc8 14. g4 b4 15. axb4 Bxb4 16. g5 Nd7 17. Ng4 f5 18. gxf6 Nxf6 19. Nxf6+ Rxf6 {1-0 Esipenko,A (2701)-Kobalia,M (2587) RUS-chT 28th 2021 (6.4)}) 12. Rad1 ({White should try} 12. Bf4 $14) 12... Nxe3 13. Qxe3 Bd7 (13... b4 $17 14. axb4 Nxb4) 14. e5 b4 15. d5 exd5 16. Nxd5 bxa3 17. bxa3 Qe8 18. Qe4 (18. Nd2 $16) 18... Bd8 (18... Bxa3 $2 19. Ng5 f5 20. Qxc4 $18) 19. Rfe1 (19. Nf4 {is interesting.} c3 20. Rfe1 Bg4 21. h3) 19... Ne7 20. Qxc4 (20. Ne3 $14) 20... Nxd5 $11 21. Qxd5 Be6 22. Qa5 Rb5 (22... Rb2 $11) 23. Qa6 $1 $14 {[%emt 0:06:19][%cal Od1d8] Rxd8! would be deadly.} ({But not} 23. Qxa7 c5 $11) 23... Bc4 (23... c6 $14) 24. Qxa7 c5 25. Qa6 Ba5 26. Re4 (26. a4 $16 Bxe1 27. axb5 Bxb5 28. Qd6) 26... Rb1 $11 {[%emt 0:00:18][%mdl 64] Discovered Attack} 27. Qd6 {[%emt 0:00:10] [#]} ({White should play} 27. Qxc4 $11 Rxd1+ 28. Bf1) 27... Qb8 $1 {[%emt 0:00:25] ...Qxd6 is the strong threat.} 28. Rxc4 Qxd6 29. Rxb1 Qd3 30. Rbc1 Qxa3 31. Rxc5 Bb6 32. R5c3 (32. Rc6 {with more complications.} h6 33. R1c3 Qa2 34. Rc2) 32... Qa7 {[%emt 0:00:25][%mdl 1024] Black has compensation.} 33. R3c2 h6 34. Bf1 Rd8 35. Kg2 g5 36. h3 Kg7 37. Bc4 Qb7 {[%emt 0:00:12] Strongly threatening ...h5.} 38. Bb5 h5 {[%emt 0:02:00] And now ...g4 would win.} 39. Bc6 Qe7 40. Rc4 Rd3 (40... Kf8 $5 ) 41. R1c2 Rd1 $36 {[%emt 0:19:42][%mdl 2048] White is under pressure.} 42. Re4 Qa3 43. Nxg5 {[%emt 0:04:36] Black should prevent h4.} Qa6 (43... Ra1 $11) 44. Rce2 $2 {[%emt 0:03:53][%mdl 8192] [#] This move loses the game for White.} (44. Rec4 $16) 44... Bd8 $1 $19 {[%emt 0:01:02][%csl LRc6,LRg5][%mdl 64] Discovered Attack} 45. Ba4 $2 (45. Nxf7 Qxc6 46. Nxd8 Rxd8 47. Kh2) 45... Ra1 46. Nxf7 Kxf7 {[%emt 0:00:05] Black is clearly winning.} 47. e6+ (47. Bd7 $142) 47... Ke7 48. Bb3 Qc6 49. Bc4 Bb6 {[%emt 0:00:48][%cal Oh5h4] White must now prevent ...h4!} 50. g4 h4 51. g5 Ra4 52. Bd3 Qd5 {[%emt 0:00:06][%csl LRd3,LRg5] Beautiful play by Agasarov!   Weighted Error Value: White=0.73/Black=0.14 (very precise)} 0-1